 Dungeon Sprint DCSS version 0.17-a0-2109-g117576f (webtiles) character file.

28 Kidiri the Sneak (level 2, -5/13 HPs)
             Began as a Spriggan Enchanter on Oct 19, 2015.
             Slain by a human (10 damage)
             ... in the Dungeon (Sprint III: "The Ten Rune Challenge").
             The game lasted 00:01:19 (225 turns).

Kidiri the Sneak (Spriggan Enchanter)                Turns: 225, Time: 00:01:19

Health: -5/13      AC:  3    Str:  4    XL:     2   Next: 96%
Magic:  0/8        EV: 19    Int: 16    God:
Gold:   0          SH:  0    Dex: 16    Spells: 2 memorised, 6 levels left

rFire  . . .     SeeInvis +     a - +1 dagger
rCold  . . .     Clarity  .     b - +1 robe
rNeg   . . .     SustAt   .     (shield restricted)
rPois  .         Gourm    .     (helmet restricted)
rElec  .         Spirit   .     (no cloak)
rCorr  .         Warding  .     (gloves unavailable)
rMut   .         NoTele   +     (boots unavailable)
MR     .....                    (no amulet)
Stlth  ++++......               (no ring)
                                (no ring)

@: very slightly contaminated, very quick, not resistant to hostile
enchantments, stealthy
A: unfitting armour, see invisible, herbivore 3, speed 3, slow metabolism 2
a: no special abilities


You were in the Dungeon.
You were not hungry.

You visited 1 branch

Inventory:

Hand Weapons
 a - a +1 dagger (weapon)
Armour
 b - a +1 robe (worn)
Wands
 l - a wand of polymorph (9)
Scrolls
 j - a scroll of blinking
 k - a scroll of magic mapping {unknown}
Potions
 e - a potion of curing
 f - a potion of heal wounds
 g - a potion of haste
 h - 2 potions of magic
 i - a potion of berserk rage
Books
 c - a book of Maledictions

   Spells                             Type                      Level
   a - Corona                         Hexes                        1
   b - Ensorcelled Hibernation        Hexes/Ice                    2
   c - Confuse                        Hexes                        3
   d - Tukima's Dance                 Hexes                        3
   e - Dazzling Spray                 Conjuration/Hexes            3
Comestibles
 d - a bread ration


   Skills:
 * Level 3.1 Short Blades
 + Level 1.2 Armour
 * Level 4.5 Dodging
 * Level 6.0 Stealth
 * Level 4.0 Spellcasting
 + Level 4.3 Hexes
 + Level 0.0 Ice Magic


You had 6 spell levels left.
You knew the following spells:

 Your Spells              Type           Power        Failure   Level  Hunger
a - Corona                Hex            ###....      3%          1    None
b - Ensorcelled Hibernat  Hex/Ice        ##....       12%         2    ##.....


Dungeon Overview and Level Annotations

Branches:
Dungeon (1/1)

Altars:


Innate Abilities, Weirdness & Mutations

You are tiny and cannot use many weapons and most armour.
You have supernaturally acute eyesight.
You are a herbivore.
You cover ground extremely quickly.
You need consume almost no food.


Message History

There's a creature in the doorway!
There's a creature in the doorway!
There's a creature in the doorway!
Casting: Ensorcelled Hibernation
Confirm with . or Enter, or press ? or * to list all spells.
Aiming: Ensorcelled Hibernation
Press: ? - help, Shift-Dir - straight line, f/p - human
Aim: a human (lightly wounded, chance to defeat MR: 41%)
You miscast Ensorcelled Hibernation.
You are very lightly contaminated with residual magic.
Nothing appears to happen.
Casting: Ensorcelled Hibernation
Confirm with . or Enter, or press ? or * to list all spells.
Aiming: Ensorcelled Hibernation
Press: ? - help, Shift-Dir - straight line, f/p - human
Aim: a human (lightly wounded, chance to defeat MR: 41%)
The human resists with some effort.
The human hits you. The human hits you!
Ouch! That really hurt!
You die...

▓▓▓▓ ▓<.# ▓..#
▓#'####
▓.....#....≈♣♣ ♣..
▓..p..#...≈≈♣.♣.. #
▓.@...#..≈≈≈≈♣..♣.+
▓####'#..≈≈≈≈≈≈♣♣.#
▓[....#.≈≈≈≈≈≈....#
▓...).#.≈≈≈≈≈.....#
▓.....#.≈≈≈.......#
▓+#####...........#
▓.....p...........#
▓▓▓▓▓▓▓▓▓▓▓▓▓▓▓▓▓▓▓


You could see a human.

Vanquished Creatures
  Jessica (D)
  3 rats (D)
4 creatures vanquished.

Vanquished Creatures (others)
  A yaktaur (D)
  A plant (D)
2 creatures vanquished.

Grand Total: 6 creatures vanquished

Notes
Turn   | Place    | Note
--------------------------------------------------------------
     0 | D        | Kidiri the Spriggan Enchanter began the quest for the Orb.
     0 | D        | Reached XP level 1. HP: 9/9 MP: 5/5
    73 | D        | Noticed Jessica
    90 | D        | Killed a yaktaur
    91 | D        | Killed Jessica
    91 | D        | Reached skill level 1 in Armour
    91 | D        | Reached skill level 6 in Stealth
    91 | D        | Reached XP level 2. HP: 13/13 MP: 6/8
   113 | D        | Learned a level 2 spell: Ensorcelled Hibernation
   225 | D        | Slain by a human

Vault maps used:
D:        dungeon_sprint_mu

Action                   || total
-------------------------++-------
Melee: Dagger            ||    12
       Unarmed           ||    11
 Cast: Ensorcelled Hiber ||     5
 Stab: Sleeping          ||     2
